 Dungeon Crawl Stone Soup version 0.31-a0-1370-gf52a5a9ab3 (webtiles) character file.

Game seed: 12220331000857074827

69 Laraso the Cudgeller (level 4, -10/48 HPs)
             Began as an Oni Cinder Acolyte on Dec 23, 2023.
             Was a High Priest of Ignis.
             Mangled by a gnoll sergeant
             ... wielding a +2 heavy spear
              (15 damage)
             ... on level 3 of the Dungeon.
             The game lasted 00:02:45 (1606 turns).

Laraso the Cudgeller (Oni Cinder Acolyte)           Turns: 1606, Time: 00:02:46

Health: -10/48     AC:  3    Str: 18    XL:     4   Next: 20%
Magic:  3/7        EV:  9    Int: 17    God:    Ignis [*****.]
Gold:   10         SH:  0    Dex:  4    Spells: 5/7 levels left

rFire   + . .        a - -1 mace (flame)
rCold   . . .        (no shield)
rNeg    . . .        b - +0 robe
rPois   .            (helmet restricted)
rElec   .            (no cloak)
rCorr   .            (gloves unavailable)
SInv    .            (boots unavailable)
Will    .....        (no amulet)
Stlth   +            (no ring)
HPRegen 0.28/turn    (no ring)
MPRegen 0.10/turn

%: no passive effects
@: lethally poisoned (-10 -> -13)
A: large, unfitting armour, horns 1, tough skin 1, double potion healing,
drunken brawling
a: Renounce Religion, Fiery Armour, Foxfire Swarm, Rising Flame


You were on level 3 of the Dungeon.
You worshipped Ignis.
Ignis was extremely pleased with you.
You visited 1 branch of the dungeon, and saw 4 of its levels.

You collected 10 gold pieces.

Inventory:

Hand Weapons
 a - a -1 mace of flaming (weapon)
Armour
 b - a +0 robe (worn)
Scrolls
 c - 2 scrolls of poison
 f - 2 scrolls of identify
Potions
 e - a potion of cancellation


   Skills:
 - Level 4.0 Fighting
 * Level 4.2 Maces & Flails
 + Level 2.4 Spellcasting
 - Level 3.0 Fire Magic


You had 5 spell levels left.
You knew the following spells:

 Your Spells              Type           Power      Damage    Failure   Level
a - Scorch                Fire           24%        2d6       9%          2

Your spell library contained the following spells:

 Spells                   Type           Power      Damage    Failure   Level
 Lesser Beckoning         Tloc           4%         N/A       28%         2
 Gell's Gravitas          Tloc           2%         N/A       50%         3
 Teleport Other           Tloc           2%         N/A       50%         3


Dungeon Overview and Level Annotations

Branches:
Dungeon (4/15)
 Temple: D:4-7

Altars:

Shops:
D:1 ?*[[!


Innate Abilities, Weirdness & Mutations

You are too large for most types of armour.
You have a pair of small horns on your head.
You have tough skin. (AC +1)
You gain doubled healing and magic from potions.
Whenever you drink a healing potion, you attack all around you.


Message History

The gnoll sergeant attacks as it pursues you!
The gnoll sergeant hits you from afar with a +2 heavy spear!
* * * LOW HITPOINT WARNING * * *
A goblin comes into view. It is wielding a +0 dagger.
The goblin shouts!
You hear an angry hiss.
An adder comes into view.
The adder hisses angrily.
An adder comes into view.
A frilled lizard comes into view.
The frilled lizard hisses angrily.
The adder hisses angrily.
The goblin closely misses you.
Okay, then.
You take a swig of the potion and twirl your -1 mace of flaming.
You closely miss the goblin. You hit the adder but do no damage.
Your punch misses the adder.
It was a potion of magic.
Magic courses through your body. The adder barely misses you.
The goblin hits you with a +0 dagger.
* * * LOW HITPOINT WARNING * * *
The adder bites you but does no damage.
Okay, then.
Casting: Scorch (safe; 9% risk of failure)
Confirm with . or Enter, or press ? or * to list all spells.
Flames lash the adder.
The adder is heavily wounded.
The adder's fire resistance burns away.
The gnoll sergeant hits you from afar with a +2 heavy spear.
* * * LOW HITPOINT WARNING * * *
The goblin hits you but does no damage. The adder bites you.
* * * LOW HITPOINT WARNING * * *
Unknown command.
Casting: Scorch (safe; 9% risk of failure)
Confirm with . or Enter, or press ? or * to list all spells.
Flames lash the adder.
The adder is burned terribly!
You kill the adder!
The adder bites you.
* * * LOW HITPOINT WARNING * * *
You are poisoned.
The adder poisons you! The goblin barely misses you.
The gnoll sergeant hits you from afar with a +2 heavy spear!
You die...

#.........#
#.#######.#
#.# .#
#######.# .
#.......# ..
#.#####g# ##
#.# #
#.#######....
#..g.@g†..#
######S..##
l...# .....#
......#
......+
.......
.....##


You could see a gnoll sergeant, an adder, a goblin and a frilled lizard.

Vanquished Creatures
  4 gnolls
  An adder (D:3)
  3 endoplasms
  2 giant cockroaches (D:1)
  8 goblins
  A hobgoblin (D:1)
  A quokka (D:1)
  2 ball pythons (D:1)
  3 bats
  A frilled lizard (D:2)
  4 kobolds (D:1)
  2 rats (D:1)
32 creatures vanquished.

Notes
Turn   | Place    | Note
-------+----------+-------------------------------------------
     0 | D:1      | Laraso the Oni Cinder Acolyte began the quest for the Orb.
     0 | D:1      | Reached XP level 1. HP: 24/24 MP: 2/2
    95 | D:1      | Found Viaduajo's Armour Emporium.
   100 | D:1      | Reached XP level 2. HP: 31/32 MP: 2/4
   109 | D:1      | Learned a level 2 spell: Scorch
   124 | D:1      | Found Yleotse's Assorted Antiques.
   430 | D:1      | Found Ymuij's Distillery.
   673 | D:1      | Reached XP level 3. HP: 30/39 MP: 0/5
   851 | D:1      | Found Pecata's Magic Scroll Shoppe.
   968 | D:1      | Found Rafacied's Armour Shoppe.
  1288 | D:2      | You fall into a shaft and drop 1 floor!
  1301 | D:3      | Noticed a gnoll sergeant
  1469 | D:3      | Reached XP level 4. HP: 48/48 MP: 4/7
  1606 | D:3      | Mangled by a gnoll sergeant

Illustrated notes

Levels and vault maps discovered:
D:1:      eino_arrival_water_star, layout_basic, serial_shops, shop_fountains,
          shop, nicolae_shop_rolling_square, nicolae_shop_hallway_plus, shop
D:2:      layout_loops_ring
D:3:      layout_loops_corners, basic_ecumenical_altar, nrook_uturn,
          minivault_19, hex_medium
D:4:      kennysheep_goblin_castle, layout_gridville

Skill      XL: |  1  2  3 |
---------------+----------+-----
Fire Magic     | 3 |  3.0
Spellcasting   | 2 |  2.4
Maces & Flails | 4 |  4.2
Fighting       | |  4.0

Action                     |  1- 3 |  4- 6 || total
---------------------------+-------+-------++-------
  Melee: Mace              |    46 |     1 ||    47
         Headbutt          |     2 |       ||     2
   Cast: Scorch            |    18 |     9 ||    27
    Use: Scroll            |     2 |       ||     2
         Potion            |     1 |     1 ||     2
 Armour: Robe              |    43 |    16 ||    59
  Dodge: Dodged            |    23 |     6 ||    29

Table legend: (Time is in decaauts)
 A = Elapsed time spent in this place.
 B = Non-inter-level travel time spent in this place.
 C = Inter-level travel time spent in this place.
 D = Time resting spent in this place.
 E = Time spent auto-exploring this place.
 F = Levels seen in this place.
 G = Mean time per level.
                   A        B        C        D        E       F      G
               +--------+--------+--------+--------+--------+-----+--------+
         Total |   1617 |   1577 |     40 |    424 |    905 |   4 |  404.2 |
       Dungeon |   1617 |   1577 |     40 |    424 |    905 |   4 |  404.2 |
               +--------+--------+--------+--------+--------+-----+--------+

Top non-repeatable levels by time:
     D:1: 1230 daAuts
     D:4: 210 daAuts
     D:3: 109 daAuts
     D:2: 67 daAuts
